 Seeded DCSS version 0.29.1-15-g9cfb28693d (webtiles) character file.

Game seed: 3167481066243502733 (custom seed)

1698 Psyclone the Trooper (level 8, -6/52 HPs)
             Began as a Deep Elf Conjurer on Sept 21, 2023.
             Mangled by a wyvern (12 damage)
             ... on level 7 of the Dungeon.
             The game lasted 00:12:06 (7366 turns).

Psyclone the Trooper (Deep Elf Conjurer)            Turns: 7366, Time: 00:12:07

Health: -6/52      AC:  6    Str: 12    XL:     8   Next: 72%
Magic:  23/28      EV: 13    Int: 26    God:
Gold:   1922       SH:  0    Dex: 11    Spells: 7/19 levels left

rFire   . . .      SeeInvis .   D - staff of conjuration
rCold   . . .      Faith    .   (no shield)
rNeg    . . .      Spirit   .   a - +0 robe
rPois   .          Reflect  .   y - +1 hat
rElec   +          Harm     .   (no cloak)
rCorr   +          Rampage  .   h - +2 pair of gloves of Wisdom {rElec rCorr Str+8 Dex-2}
Will    .....                   (no boots)
Stlth   ++........              l - amulet of regeneration
HPRegen 0.97/turn               q - +4 ring of slaying
MPRegen 0.21/turn               v - ring of magical power

@: no status effects
A: no striking features
a: no special abilities


You were on level 7 of the Dungeon.
You visited 1 branch of the dungeon, and saw 7 of its levels.

You collected 1922 gold pieces.

Inventory:

Hand Weapons
 A - a +0 dagger
Armour
 a - a +0 robe (worn)
 h - the +2 pair of gloves of Wisdom (worn) {rElec rCorr Str+8 Dex-2}
   (You acquired it on level 6 of the Dungeon)

   Str:       It affects your strength (+8).
   Dex:       It affects your dexterity (-2).
   rElec:     It insulates you from electricity.
   rCorr:     It protects you from acid and corrosion.
 y - a +1 hat (worn)
 z - a +0 pair of gloves
Magical Staves
 t - a staff of poison
 D - a staff of conjuration (weapon)
Jewellery
 i - a ring of ice
 l - an amulet of regeneration (around neck)
 q - a +4 ring of slaying (left hand)
 v - a ring of magical power (right hand)
Wands
 n - a wand of paralysis (14)
 C - a wand of roots (15)
 E - a wand of flame (28)
 I - a wand of polymorph (4)
Scrolls
 d - 4 scrolls of noise {unknown}
 e - 3 scrolls of teleportation {unknown}
 f - a scroll of brand weapon {unknown}
 g - 2 scrolls of immolation {unknown}
 j - 6 scrolls of identify {unknown}
 o - 2 scrolls of magic mapping {unknown}
 w - a scroll of fog {unknown}
 x - a scroll of summoning {unknown}
 H - a scroll of vulnerability {unknown}
Potions
 b - a potion of magic
 c - 2 potions of invisibility {unknown}
 k - 5 potions of mutation {unknown}
 m - a potion of ambrosia {unknown}
 p - 2 potions of lignification {unknown}
 r - a potion of haste {unknown}
 s - 2 potions of cancellation {unknown}
 u - 2 potions of heal wounds {unknown}
 B - a potion of berserk rage
 F - a potion of brilliance {unknown}
 G - a potion of curing {unknown}


   Skills:
 + Level 6.5 Fighting
 + Level 4.4 Dodging
 - Level 2.4 Stealth
 - Level 6.0 Spellcasting
 - Level 6.0 Conjurations
 - Level 6.0 Hexes


You had 7 spell levels left.
You knew the following spells:

 Your Spells              Type           Power      Damage    Failure   Level
a - Magic Dart            Conj           100%       1d8       1%          1
b - Searing Ray           Conj           100%       2d8       1%          2
d - Fulminant Prism       Conj/Hex       27%        3d14      6%          4
x - Irradiate             Conj/Tmut      17%        3d17      50%         5

Your spell library contained the following spells:

 Spells                   Type           Power      Damage    Failure   Level
 Dazzling Flash           Conj/Hex       100%       N/A       1%          3
 Tukima's Dance           Hex            39%        N/A       1%          3
 Portal Projectile        Hex/Tloc       46%        N/A       6%          3
 Stone Arrow              Conj/Erth      70%        3d11      6%          3
 Apportation              Tloc           14%        N/A       7%          1
 Necrotise                Necr           28%        1d5       7%          1
 Sandblast                Erth           14%        2d6       7%          1
 Passwall                 Tmut/Erth      5%         N/A       11%         2
 Sublimation of Blood     Necr           7%         N/A       11%         2
 Vampiric Draining        Necr           7%         2d6       21%         3
 Iskenderun's Mystic Bla  Conj/Tloc      35%        2d8       21%         4
 Petrify                  Tmut/Erth      7%         N/A       56%         4
 Agony                    Necr           7%         N/A       88%         5
 Alistair's Intoxication  Tmut/Pois      4%         N/A       88%         5
 Blade Hands              Tmut           3%         N/A       88%         5


Dungeon Overview and Level Annotations

Branches:
Dungeon (7/15) Zot: 26868  Temple (0/1) D:7

Altars:
Ashenzari
Cheibriados
Elyvilon
Hepliaklqana
Xom


Message History

The bullfrog is heavily wounded.
A steam dragon comes into view.
You now have 26/28 mp.
A sky beast appears from thin air!
Reactivating autopickup.
The bullfrog attacks as you move away! The bullfrog completely misses you.
The wyvern attacks as you move away! The wyvern bites you!
The bullfrog barely misses you.
You take 16 damage, and have 36/52 hp.
MASSIVE DAMAGE!!
The bullfrog misses you.
Casting: Magic Dart (safe; 1% risk of failure)
Confirm with . or Enter, or press ? or * to list all spells.
Aiming: Searing Ray (safe; 1% risk of failure)
Press: ? - help, Shift-Dir - straight line, f - sky beast, p - bullfrog
Aim: a sky beast (76% to hit)
You feel a surge of power!
The searing ray hits the bullfrog!
The bullfrog is almost dead.
The searing ray hits the wyvern!
The wyvern is moderately wounded.
The searing ray misses the sky beast. (Press . to maintain the ray.)
The bullfrog hits you.
The sky beast flickers out of sight!
Deactivating autopickup; reactivate with Ctrl-A.
You take 2 damage, and have 36/52 hp.
You now have 25/28 mp.
The searing ray hits the bullfrog!
You kill the bullfrog!
The searing ray hits the wyvern.
The wyvern is moderately wounded.
The searing ray hits something!
The searing ray hits the wyvern!
The wyvern is severely wounded.
The searing ray hits something!
The wyvern bites you! x2
* * * LOW HITPOINT WARNING * * *
You take 32 damage, and have 5/52 hp.
MASSIVE DAMAGE!!
You now have 24/28 mp.
The searing ray hits the wyvern.
The wyvern is almost dead.
The searing ray hits something.
You finish channelling your searing ray.
The wyvern bites you!
You die...

########............
###...#########
########.....#
..........<###
######..### #..##
##.## #..# ## #@##
#< ##l# ## #..#
###.## ##...# #..#.#
#.....?# #...[.#...#
..D.....^..#


You could see a wyvern.

Vanquished Creatures
  An orc warrior (D:6)
  A sky beast (D:6)
  4 ogres
  2 centaurs
  A phantom (D:4)
  4 bullfrogs
  2 scorpions
  A jelly (D:5)
  An orc priest (D:7)
  2 hounds
  6 iguanas
  A mummy (D:4)
  8 gnolls
  7 adders
  A white imp (D:5)
  2 ufetubi
  2 worms
  6 dart slugs
  9 orcs
  9 ball pythons
  8 bats
  3 endoplasms
  7 giant cockroaches
  10 goblins
  9 hobgoblins
  4 jackals (D:1)
  3 quokkas
  4 frilled lizards
  10 kobolds
  2 rats
130 creatures vanquished.

Vanquished Creatures (others)
  An orc (D:3)
  A jackal (D:3)
  A quokka (D:3)
  A rat (D:3)
  2 fungi (D:1)
  4 plants
10 creatures vanquished.

Grand Total: 140 creatures vanquished

Notes
Turn   | Place    | Note
-------+----------+-------------------------------------------
     0 | D:1      | Psyclone the Deep Elf Conjurer began the quest for the Orb.
     0 | D:1      | Reached XP level 1. HP: 10/10 MP: 6/6
   207 | D:1      | Reached skill level 5 in Conjurations
   207 | D:1      | Reached XP level 2. HP: 15/15 MP: 4/8
   891 | D:1      | Reached XP level 3. HP: 19/19 MP: 6/9
  1172 | D:1      | Found a faded altar of an unknown god.
  1666 | D:2      | Found a shimmering altar of Xom.
  2163 | D:2      | Reached XP level 4. HP: 24/24 MP: 7/11
  2201 | D:2      | Learned a level 2 spell: Searing Ray
  2206 | D:2      | Learned a level 4 spell: Fulminant Prism
  2561 | D:3      | Reached skill level 1 in Hexes
  2967 | D:3      | Found a shimmering altar of Xom.
  2972 | D:3      | Reached XP level 5. HP: 28/28 MP: 8/13
  3970 | D:4      | Noticed a phantom
  3975 | D:4      | Killed a phantom
  3976 | D:4      | Reached skill level 5 in Spellcasting
  4153 | D:4      | Reached XP level 6. HP: 24/32 MP: 6/16
  4228 | D:4      | Found a snail-covered altar of Cheibriados.
  4864 | D:4      | Reached skill level 5 in Hexes
  5053 | D:5      | Entered Level 5 of the Dungeon
  5215 | D:5      | Reached skill level 1 in Fighting
  5215 | D:5      | Reached XP level 7. HP: 15/38 MP: 17/18
  5215 | D:5      | HP: 1/38 [ogre/+0 giant spiked club (15)]
  6195 | D:5      | Found a broken altar of Ashenzari.
  6198 | D:5      | Found a white marble altar of Elyvilon.
  6201 | D:5      | Found a hazy altar of Hepliaklqana.
  6374 | D:6      | Identified 5 scrolls of acquirement
  6374 | D:6      | Acquired a staff of conjuration
  6376 | D:6      | Acquired 1176 gold pieces
  6377 | D:6      | Acquired 448 gold pieces
  6378 | D:6      | Acquired a book of Alchemy
  6382 | D:6      | Acquired the +2 pair of gloves of Wisdom {rElec rCorr Str+8
                  | Dex-2}
  6426 | D:6      | Reached XP level 8. HP: 48/48 MP: 19/19
  6485 | D:6      | Reached skill level 5 in Fighting
  6867 | D:6      | Learned a level 5 spell: Irradiate
  7354 | D:7      | Found a staircase to the Ecumenical Temple.
  7366 | D:7      | Mangled by a wyvern

Illustrated notes

Levels and vault maps discovered:
D:1:      lightli_arrival_boilingwater, layout_basic,
          dreamdust_ecumenical_altar_hidden_monk_grotto, reono_crystal_passage,
          st_stairs_14
D:2:      layout_rooms, basic_altar, nicolae_figureground_pulse
D:3:      layout_loops_ring, xom_confusion_cloud, serial_forest,
          infiniplex_forest_clump_cross, infiniplex_forest_clump_double,
          infiniplex_forest_lined_3, infiniplex_forest_clump_curved,
          infiniplex_forest_lined_2, infiniplex_forest_lined_2,
          infiniplex_forest_clump_curved, infiniplex_forest_clump_double,
          kennysheep_generic_room_6
D:4:      layout_gridville, slow_altar_1
D:5:      layout_loops_corners, grunt_temple_overflow_diamond, grunt_decor_cap,
          corexii_shack, minmay_fractal_squares_5
D:6:      layout_loops_ring
D:7:      layout_basic, minmay_temple_entry_drinking_statues

Skill      XL: |  1  2  3  4  5  6  7  8 |
---------------+-------------------------+-----
Conjurations   | 5 6 |  6.0
Hexes          | 2 3 6 |  6.0
Spellcasting   | 4 5 6 |  6.0
Fighting       | 1 4 6 |  6.5
Dodging        | 4 |  4.4
Stealth        | |  2.4

Action                   |  1- 3 |  4- 6 |  7- 9 || total
-------------------------+-------+-------+-------++-------
Melee: Unarmed           |     1 |     1 |       ||     2
 Cast: Magic Dart        |    81 |    88 |    29 ||   198
       Searing Ray       |       |    18 |    28 ||    46
  Use: Potion            |       |     1 |       ||     1
       Scroll            |       |       |     5 ||     5
Armor: Robe              |     4 |     3 |    13 ||    20
Dodge: Dodged            |    13 |    13 |    27 ||    53
